 Dungeon Crawl Stone Soup version 0.30.1-9-gdf580d7c3d (webtiles) character file.

Game seed: 7739097251983352121

65 lonewolfV2 the Poker (level 3, -13/28 (29) HPs)
             Began as a Demonspawn Wanderer on Oct 24, 2023.
             Mangled by Crazy Yiuf
             ... wielding a +2 quarterstaff of chaos
              (14 damage)
             ... on level 3 of the Dungeon.
             The game lasted 00:04:51 (2632 turns).

lonewolfV2 the Poker (Demonspawn Wanderer)          Turns: 2632, Time: 00:04:52

HP:   -13/28 (29)   AC: 14    Str: 15    XL:     3   Next: 92%
MP:   5/5           EV:  3    Int: 12    God:
Gold: 178           SH:  0    Dex: 14    Spells: 5/5 levels left

rFire   . . .        a - +3 spear
rCold   + . .        (no shield)
rNeg    . . .        s - +0 plate armour
rPois   .            (no helmet)
rElec   .            (no cloak)
rCorr   .            (no gloves)
SInv    .            (no boots)
Will    .....        (no amulet) Stlth
                     h - ring of protection from cold
HPRegen 0.24/turn    o - +4 ring of protection
MPRegen 0.09/turn

%: no passive effects
@: lethally poisoned (-13 -> -14), lightly drained
A: thin skeletal structure 1
a: no special abilities


You were on level 3 of the Dungeon.
You visited 1 branch of the dungeon, and saw 3 of its levels.

You collected 178 gold pieces.

Inventory:

Hand Weapons
 a - a +3 spear (weapon)
 d - a +0 dagger
Missiles
 c - 19 poisoned darts (quivered)
Armour
 f - a +0 leather armour
 k - a +0 scale mail
 s - a +0 plate armour (worn)
Jewellery
 h - a ring of protection from cold (left hand)
 o - a +4 ring of protection (right hand)
Scrolls
 g - a scroll of identify
 l - a scroll of torment
 q - 3 scrolls of teleportation
 r - 2 scrolls of enchant weapon
 u - a scroll of silence {unknown}
 v - a scroll of blinking {unknown}
Potions
 b - a potion of attraction
 e - a potion of haste
 i - 3 potions of heal wounds
 j - a potion of degeneration {unknown}
 m - a potion of magic
 n - a potion of flight {unknown}
 p - a potion of lignification {unknown}
 t - a potion of ambrosia {unknown}
 w - 2 potions of might {unknown}


   Skills:
 + Level 3.0 Fighting
 - Level 4.0 Polearms
 - Level 1.0 Throwing
 - Level 1.0 Stealth
 - Level 1.7 Unarmed Combat
 + Level 1.8 Spellcasting


You had 5 spell levels left.
You didn't know any spells.
Your spell library contained the following spells:

 Spells                   Type           Power      Damage    Failure   Level
 Slow                     Hex            4%         N/A       100%        1
 Ensorcelled Hibernation  Hex/Ice        2%         N/A       100%        2
 Confusing Touch          Hex            1%         N/A       100%        3
 Spider Form              Tmut/Pois      1%         N/A       100%        3
 Vampiric Draining        Necr           1%         2d6       100%        3
 Anguish                  Hex/Necr       0%         N/A       100%        4


Dungeon Overview and Level Annotations

Branches:
Dungeon (3/15)

Altars:

Annotations:
D:3 Crazy Yiuf


Innate Abilities, Weirdness & Mutations

You have a somewhat thin skeletal structure. (Dex +2, Stealth+)


Message History

Crazy Yiuf is lightly wounded.
Crazy Yiuf hits you with a +2 quarterstaff of chaos.
Crazy Yiuf draws strength from your wounds!
You hit Crazy Yiuf.
Crazy Yiuf is lightly wounded.
Crazy Yiuf grits, "Lugonu bush light!"
Crazy Yiuf hits you with a +2 quarterstaff of chaos.
You are poisoned.
You hit Crazy Yiuf.
Crazy Yiuf is moderately wounded.
You feel very sick.
Crazy Yiuf yells, "Proton foot fast!"
Crazy Yiuf hits you but does no damage.
You hit Crazy Yiuf.
Crazy Yiuf is heavily wounded.
You feel sick.
Crazy Yiuf hits you with a +2 quarterstaff of chaos.
You hit Crazy Yiuf but do no damage.
Crazy Yiuf is heavily wounded.
You feel sick. Crazy Yiuf barely misses you.
You completely miss Crazy Yiuf.
Crazy Yiuf is heavily wounded.
You feel sick. Crazy Yiuf hits you but does no damage.
You hit Crazy Yiuf but do no damage.
Crazy Yiuf is heavily wounded.
You feel sick.
You hit Crazy Yiuf.
Crazy Yiuf is severely wounded.
You feel sick.
Crazy Yiuf hits you with a +2 quarterstaff of chaos!
* * * LOW HITPOINT WARNING * * *
Crazy Yiuf freezes you.
* * * LOW HITPOINT WARNING * * *
You hit Crazy Yiuf.
Crazy Yiuf is almost dead.
* * * LOW HITPOINT WARNING * * *
You feel sick.
Crazy Yiuf hits you with a +2 quarterstaff of chaos!
Ouch! That really hurt!
You die...

##.#
#...####.##........
##..#
#.........##....#..
#...#
#...####.........#.
#.### #####
#####......# ##.#
#...##.#..
#..#######
######..#.
#.#....#.### ###
#...#
#.......#..##...#
#.#..
#......####@g...#
######..#. ##....##
###..)# #........#
###### ###
######.#.. #..#.
##...# #..#..
#..... #.....
######


You could see Crazy Yiuf.

Vanquished Creatures
  An adder (D:3)
  2 worms
  2 dart slugs
  An orc (D:3)
  2 endoplasms
  9 goblins
  6 hobgoblins
  2 quokkas
  5 ball pythons
  2 bats (D:1)
  4 frilled lizards
  5 kobolds
  A rat (D:1)
42 creatures vanquished.

Notes
Turn   | Place    | Note
-------+----------+-------------------------------------------
     0 | D:1      | lonewolfV2 the Demonspawn Wanderer began the quest for the
                  | Orb.
     0 | D:1      | lonewolfV2 set off with the following items: a +2 spear, a
                  | potion of attraction, 11 poisoned darts, a +0 dagger, a
                  | potion of haste, a +0 leather armour.
     0 | D:1      | Reached XP level 1. HP: 16/16 MP: 1/1
   331 | D:1      | Gained mutation: You have a somewhat thin skeletal
                  | structure. (Dex +2, Stealth+) [demonic ancestry]
   331 | D:1      | Reached XP level 2. HP: 11/22 MP: 2/2
   802 | D:1      | Reached skill level 1 in Spellcasting
  1189 | D:2      | Reached XP level 3. HP: 19/28 MP: 4/4
  1289 | D:2      | Reached skill level 4 in Polearms
  2401 | D:3      | Found a runed translucent door.
  2402 | D:3      | Noticed Crazy Yiuf
  2632 | D:3      | HP: 1/28 [poisoned by Crazy Yiuf]
  2632 | D:3      | Mangled by Crazy Yiuf

Illustrated notes

Levels and vault maps discovered:
D:1:      lemuel_arrival_lava_pool, layout_loops_cross, solitary_fountain
D:2:      layout_basic, dreamdust_wishing_well
D:3:      layout_rooms, mainiacjoe_overflow_24_doors, grunt_ministairs_4,
          nrook_mini_backslash, minmay_misc_feat_diagonals,
          uniq_crazy_yiuf_cottage

Skill      XL: |  1  2  3 |
---------------+----------+-----
Spellcasting   | 1 |  1.8
Polearms       | 4 |  4.0
Fighting       | 3 |  3.0
Throwing       | |  1.0
Stealth        | |  1.0
Unarmed Combat | |  1.7

Action                     || total
---------------------------++-------
  Melee: Spear             ||   142
    Use: Scroll            ||     7
         Potion            ||     1
   Stab: Sleeping          ||     2
 Armour: Leather armour    ||    16
         Plate armour      ||    66
         Scale mail        ||     3
  Dodge: Dodged            ||    31
